 Dungeon Crawl Stone Soup version 0.27-a0-988-g25969acef8 (webtiles) character file.

Game seed: 14898549936506019920

1334 harryhousin the Covered (level 8, -2/61 HPs)
             Began as a Gnoll Wanderer on Apr 15, 2021.
             Slain by MeatMancer's ghost (10 damage)
             ... on level 5 of the Dungeon.
             The game lasted 00:29:40 (6474 turns).

harryhousin the Covered (Gnoll Wanderer)            Turns: 6474, Time: 00:29:41

Health: -2/61      AC: 14    Str: 13    XL:     8   Next: 61%
Magic:  13/14      EV:  7    Int: 10    God:
Gold:   143        SH:  0    Dex: 14    Spells: 15/16 levels left

rFire    + . .     SeeInvis .   r - +6 flail (holy)
rCold    . . .     Faith    .   (no shield)
rNeg     . . .     Spirit   .   s - +0 chain mail
rPois    .         Reflect  .   (no helmet)
rElec    .         Harm     .   (no cloak)
rCorr    .         Rampage  .   (no gloves)
Will     .....                  (no boots)
Stlth    ..........             (no amulet)
HPRegen  0.20/turn              f - +4 ring of protection
MPRegen  0.14/turn              l - ring of protection from fire

@: very slightly contaminated
A: fangs 1, strong nose, distributed training
a: no special abilities


You were on level 5 of the Dungeon.
You visited 1 branch of the dungeon, and saw 5 of its levels.

You collected 143 gold pieces.

Inventory:

Hand Weapons
 b - a +1 spear of freezing
 r - a +6 flail of holy wrath (weapon)
Armour
 s - a +0 chain mail (worn)
Jewellery
 f - a +4 ring of protection (left hand)
 l - a ring of protection from fire (right hand)
Wands
 d - a wand of paralysis (9)
Scrolls
 a - a scroll of fog
 c - 3 scrolls of identify
 e - a scroll of vulnerability
 g - 2 scrolls of enchant armour
 m - a scroll of enchant weapon
 n - a scroll of noise {unknown}
Potions
 i - a potion of degeneration {unknown}
 k - a potion of curing
 o - a potion of ambrosia {unknown}
 p - a potion of cancellation {unknown}
 q - a potion of flight {unknown}
 t - a potion of brilliance {unknown}
 u - a potion of heal wounds {unknown}


   Skills:
 + Level 4.3 Fighting
 + Level 3.4 Short Blades
 + Level 3.4 Long Blades
 + Level 3.4 Axes
 + Level 3.4 Maces & Flails
 + Level 3.4 Polearms
 + Level 3.4 Staves
 + Level 3.4 Slings
 + Level 3.4 Bows
 + Level 4.3 Crossbows
 + Level 4.3 Throwing
 + Level 7.4 Armour
 + Level 3.4 Dodging
 + Level 3.4 Stealth
 + Level 3.4 Shields
 + Level 3.4 Unarmed Combat
 + Level 4.5 Spellcasting
 + Level 2.8 Conjurations
 + Level 2.8 Hexes
 + Level 2.8 Summonings
 + Level 2.8 Necromancy
 + Level 2.8 Translocations
 + Level 4.7 Transmutations
 + Level 2.8 Fire Magic
 + Level 2.8 Ice Magic
 + Level 2.8 Air Magic
 + Level 2.8 Earth Magic
 + Level 2.8 Poison Magic
 + Level 3.7 Invocations
 + Level 4.3 Evocations


You had 15 spell levels left.
You knew the following spells:

 Your Spells              Type           Power      Damage    Failure   Level
a - Freeze                Ice            28%        1d5       85%         1

Your spell library contained the following spells:

 Spells                   Type           Power      Damage    Failure   Level
 Ozocubu's Armour         Ice            7%         N/A       99%         3


Dungeon Overview and Level Annotations

Branches:
Dungeon (5/15)
 Temple: D:4-7

Altars:
Yredelemnul

Annotations:
D:5 MeatMancer's ghost, novice MiMo


Innate Abilities, Weirdness & Mutations

You have very sharp teeth.
Your uncanny sense of smell can sniff out nearby items.
Your experience applies equally to all skills.


Message History

MeatMancer's ghost is lightly damaged.
MeatMancer's ghost hits you!! MeatMancer's ghost freezes you!
MeatMancer's ghost hits you but does no damage.
Casting: Freeze (safe; 85% risk of failure)
Confirm with . or Enter, or press ? or * to list all spells.
Aiming: Freeze (safe; 85% risk of failure)
Press: ? - help, Shift-Dir - straight line, f - MeatMancer's ghost
Aim: MeatMancer's ghost, wielding a weapon of freezing (lightly damaged)
You miscast Freeze.
You are very lightly contaminated with residual magic.
Nothing appears to happen.
MeatMancer's ghost hits you but does no damage.
Aiming: Paralyse
Press: ? - help, Shift-Dir - straight line, f/p - MeatMancer's ghost
Aim: MeatMancer's ghost, wielding a weapon of freezing (lightly damaged, chance to affect: 30%) MeatMancer's ghost easily resists.
MeatMancer's ghost hits you but does no damage.
Okay, then.
As you read the scroll labelled DITSIO XEIFEB, it crumbles to dust.
You feel aware of your surroundings.
It was a scroll of magic mapping.
MeatMancer's ghost hits you. MeatMancer's ghost freezes you.
Okay, then.
Okay, then.
As you read the scroll labelled YHYITO ZIVVAMO, it crumbles to dust.
It is a scroll of enchant weapon.
Your +5 flail of holy wrath glows red for a moment.
MeatMancer's ghost hits you!
* * * LOW HITPOINT WARNING * * *
MeatMancer's ghost freezes you.
* * * LOW HITPOINT WARNING * * *
As you read the scroll labelled VEDUMAISAM, it crumbles to dust.
It is a scroll of amnesia.
Really abort (and waste the scroll)? [Y]es or [N]o only, please.
Really abort (and waste the scroll)?
Uppercase [Y]es or [N]o only, please.
Really abort (and waste the scroll)?
Okay, then.
MeatMancer's ghost hits you!
You die...

#.##.##.# *###* #.#
#.......# ##)!.###.#
####.#### ##.....##.##
#.# #≈.#.#.≈#..### #.#
#⌠.#.#.⌠#....# #.#####
#≈.#.#.≈##.#.#
#.....####KKK..###.#.#
#####.##.##KK'##...#.#
#.##.@WKK......#.#
####.######K........#
#.......# ######..### ##
#.##.##.########..# #.
#.##..............######.
#.#####.########.#.......
#.......########.#.####..
#########........#.#.....
#######
##.########.#.##..


You could see a kobold brigand, MeatMancer's ghost and 7 kobolds.

Vanquished Creatures
  Menkaure (D:4)
  Edmund (D:4)
  Duvessa (D:4)
  A sky beast (D:5)
  An ice beast (D:5)
  An ogre (D:5)
  A phantom (D:5)
  Dowan (D:4)
  A scorpion (D:5)
  A water moccasin skeleton (D:5)
  A howler monkey (D:5)
  A jelly (D:5)
  4 hounds
  A centaur skeleton (D:4)
  Terence (D:1)
  Ijyb (D:3)
  5 iguanas
  3 adders
  A white imp (D:3)
  3 worms
  A dart slug (D:1)
  4 orcs
  6 ball pythons
  5 bats
  3 endoplasms
  4 giant cockroaches
  5 goblins
  5 hobgoblins
  5 jackals
  3 kobolds
  2 quokkas
  6 frilled lizards
  4 rats
84 creatures vanquished.

Vanquished Creatures (others)
  3 fungi (D:5)
  9 plants
  A withered plant (D:5)
13 creatures vanquished.

Grand Total: 97 creatures vanquished

Notes
Turn   | Place    | Note
-------+----------+-------------------------------------------
     0 | D:1      | harryhousin the Gnoll Wanderer began the quest for the Orb.
     0 | D:1      | harryhousin set off with the following items: a +0 dagger,
                  | a +0 ring mail, a wand of paralysis (15); and the following
                  | spell memorised: Freeze; and the following spells available
                  | to memorise: Ozocubu's Armour
     0 | D:1      | Reached XP level 1. HP: 17/17 MP: 4/4
   263 | D:1      | Found a faded altar of an unknown god.
   276 | D:1      | Reached XP level 2. HP: 23/23 MP: 5/5
   797 | D:2      | Noticed Terence
   833 | D:1      | Killed Terence
   834 | D:1      | Reached skill level 1 in Invocations
   834 | D:1      | Reached XP level 3. HP: 8/28 MP: 4/7
  1080 | D:2      | Reached skill level 1 in Short Blades
  1080 | D:2      | Reached skill level 1 in Long Blades
  1080 | D:2      | Reached skill level 1 in Axes
  1080 | D:2      | Reached skill level 1 in Maces & Flails
  1080 | D:2      | Reached skill level 1 in Polearms
  1080 | D:2      | Reached skill level 1 in Staves
  1080 | D:2      | Reached skill level 1 in Slings
  1080 | D:2      | Reached skill level 1 in Bows
  1080 | D:2      | Reached skill level 1 in Dodging
  1080 | D:2      | Reached skill level 1 in Stealth
  1080 | D:2      | Reached skill level 1 in Shields
  1080 | D:2      | Reached skill level 1 in Unarmed Combat
  1282 | D:2      | Reached XP level 4. HP: 34/34 MP: 8/8
  2346 | D:3      | Reached skill level 1 in Conjurations
  2346 | D:3      | Reached skill level 1 in Hexes
  2346 | D:3      | Reached skill level 1 in Summonings
  2346 | D:3      | Reached skill level 1 in Necromancy
  2346 | D:3      | Reached skill level 1 in Translocations
  2346 | D:3      | Reached skill level 1 in Fire Magic
  2346 | D:3      | Reached skill level 1 in Ice Magic
  2346 | D:3      | Reached skill level 1 in Air Magic
  2346 | D:3      | Reached skill level 1 in Earth Magic
  2346 | D:3      | Reached skill level 1 in Poison Magic
  2657 | D:3      | Reached XP level 5. HP: 17/40 MP: 9/9
  2915 | D:3      | Noticed Ijyb
  2931 | D:3      | Paralysed by Ijyb for 3 turns
  2941 | D:3      | Paralysed by Ijyb for 3 turns
  2957 | D:3      | Killed Ijyb
  3425 | D:4      | Noticed Menkaure
  3913 | D:4      | Killed Menkaure
  3914 | D:4      | Reached XP level 6. HP: 42/47 MP: 9/11
  3992 | D:4      | Noticed Duvessa
  3993 | D:4      | Noticed Dowan
  4028 | D:4      | Killed Duvessa
  4034 | D:4      | Killed Dowan
  4035 | D:4      | Reached XP level 7. HP: 18/52 MP: 12/12
  4466 | D:4      | Reached skill level 7 in Armour
  4658 | D:4      | Noticed Edmund
  4691 | D:4      | Killed Edmund
  5214 | D:5      | Entered Level 5 of the Dungeon
  5260 | D:5      | HP: 1/53 [ogre/+0 giant club (25)]
  5519 | D:5      | Found a basalt altar of Yredelemnul.
  5530 | D:5      | Reached XP level 8. HP: 50/60 MP: 14/14
  5689 | D:5      | Found a runed translucent gate.
  5689 | D:5      | Found a runed translucent gate.
  5689 | D:5      | Found a runed translucent gate.
  5690 | D:5      | Noticed MeatMancer's ghost (novice MiMo)
  6474 | D:5      | Slain by MeatMancer's ghost

Illustrated notes

Levels and vault maps discovered:
D:1:      eino_arrival_water_star, layout_loops_ring,
          chequers_ecumenical_altar_island, dk_noncrumbling_3
D:2:      layout_basic, serial_forest, infiniplex_forest_lined_ring,
          infiniplex_forest_end_2, infiniplex_forest_clump_double,
          infiniplex_forest_straight_3, infiniplex_forest_clump_large,
          infiniplex_forest_lined_3, infiniplex_forest_fountain, uniq_terence
D:3:      layout_basic, uniq_ijyb
D:4:      layout_basic, serial_forest, infiniplex_forest_lined_3,
          infiniplex_forest_clump_tiny, infiniplex_forest_clump_large,
          infiniplex_forest_clump_double, infiniplex_forest_corner_1,
          infiniplex_forest_end_double, infiniplex_forest_lined_2,
          infiniplex_forest_lined_room_3, uniq_duvessa, uniq_menkaure,
          uniq_edmund
D:5:      layout_loops_cross, yredelemnul_altar_generic,
          gammafunk_ghost_nasty_kobolds, portal_sewer_entry_d

Skill      XL: |  1  2  3  4  5  6  7  8 |
---------------+-------------------------+-----
Invocations    | 1 2 3 |  3.7
Short Blades   | 1 2 3 |  3.4
Long Blades    | 1 2 3 |  3.4
Axes           | 1 2 3 |  3.4
Maces & Flails | 1 2 3 |  3.4
Polearms       | 1 2 3 |  3.4
Staves         | 1 2 3 |  3.4
Slings         | 1 2 3 |  3.4
Bows           | 1 2 3 |  3.4
Dodging        | 1 2 3 |  3.4
Stealth        | 1 2 3 |  3.4
Shields        | 1 2 3 |  3.4
Unarmed Combat | 1 2 3 |  3.4
Spellcasting   | 3 4 |  4.5
Conjurations   | 1 2 |  2.8
Hexes          | 1 2 |  2.8
Summonings     | 1 2 |  2.8
Necromancy     | 1 2 |  2.8
Translocations | 1 2 |  2.8
Fire Magic     | 1 2 |  2.8
Ice Magic      | 1 2 |  2.8
Air Magic      | 1 2 |  2.8
Earth Magic    | 1 2 |  2.8
Poison Magic   | 1 2 |  2.8
Fighting       | 3 4 |  4.3
Crossbows      | 3 4 |  4.3
Throwing       | 3 4 |  4.3
Evocations     | 3 4 |  4.3
Transmutations | 4 |  4.7
Armour         | 7 |  7.4

Action                   |  1- 3 |  4- 6 |  7- 9 || total
-------------------------+-------+-------+-------++-------
Melee: Dagger            |    14 |       |       ||    14
       Spear             |    73 |   188 |    69 ||   330
       Bite              |     5 |    19 |    24 ||    48
       Punch             |       |     2 |     3 ||     5
       Flail             |       |       |   100 ||   100
 Cast: Freeze            |     3 |     1 |       ||     4
Evoke: Wand              |       |     9 |     4 ||    13
  Use: Scroll            |       |       |     7 ||     7
 Stab: Paralysed         |       |    43 |    18 ||    61
Armor: Ring mail         |    67 |    66 |    18 ||   151
       Chain mail        |       |       |    76 ||    76
Dodge: Dodged            |    64 |    61 |    74 ||   199

Table legend: (Time is in decaauts)
 A = Elapsed time spent in this place.
 B = Non-inter-level travel time spent in this place.
 C = Inter-level travel time spent in this place.
 D = Time resting spent in this place.
 E = Time spent auto-exploring this place.
 F = Levels seen in this place.
 G = Mean time per level.
                   A        B        C        D        E       F      G
               +--------+--------+--------+--------+--------+-----+--------+
         Total |   6526 |   6396 |    130 |   1886 |   2188 |   5 | 1305.2 |
       Dungeon |   6526 |   6396 |    130 |   1886 |   2188 |   5 | 1305.2 |
               +--------+--------+--------+--------+--------+-----+--------+

Top non-repeatable levels by time:
     D:4: 1538 daAuts
     D:3: 1422 daAuts
     D:5: 1287 daAuts
     D:2: 1258 daAuts
     D:1: 1019 daAuts
